 Dungeon Crawl Stone Soup version 0.30.0 (webtiles) character file.

Game seed: 14900157504752521119

3033 jasper the Cleaver (level 9, -2/57 HPs)
             Began as a Gargoyle Cinder Acolyte on May 6, 2023.
             Was a Priest of Ignis.
             Slain by a small abomination (13 damage)
             ... on level 1 of the Abyss.
             The game lasted 00:09:50 (6662 turns).

jasper the Cleaver (Gargoyle Cinder Acolyte)        Turns: 6662, Time: 00:09:50

Health: -2/57      AC: 33    Str: 23    XL:     9   Next: 86%
Magic:  10/10      EV:  6    Int: 14    God:    Ignis [***...]
Gold:   417        SH:  0    Dex:  5    Spells: 10/10 levels left

rFire   + . .        P - +1 war axe (venom)
rCold   . . .        (no shield)
rNeg    + . .        T - +0 plate armour
rPois   ∞            A - +1 helmet
rElec   +            E - +1 cloak
rCorr   .            l - +0 pair of gloves
SInv    .            x - +0 pair of boots
Will    .....        (no amulet) Stlth
                     (no ring)
HPRegen 0.29/turn    (no ring)
MPRegen 0.12/turn

%: no passive effects
@: fiery-armoured
A: sickness immunity, AC +6, negative energy resistance 1, electricity
resistance, torment resistance 1, petrification resistance
a: Renounce Religion, Fiery Armour, Foxfire Swarm, Rising Flame


You were on level 1 of the Abyss.
You worshipped Ignis.
Ignis was most pleased with you.
You visited 2 branches of the dungeon, and saw 8 of its levels.
You visited the Abyss 1 time.
You also visited: Sewer, Ossuary and Bailey.

You collected 417 gold pieces.

Inventory:

Hand Weapons
 a - a -1 hand axe of flaming
 B - a +1 hand axe of freezing
 J - a +0 war axe
 P - a +1 war axe of venom (weapon)
 R - a +1 war axe of freezing
Missiles
 q - 7 poisoned darts
 v - 2 throwing nets
 S - 21 boomerangs (quivered)
Armour
 b - a +0 robe
 c - a +0 ring mail
 h - a +0 chain mail
 l - a +0 pair of gloves (worn)
 x - a +0 pair of boots (worn)
 A - a +1 helmet (worn)
 E - a +1 cloak (worn)
 T - a +0 plate armour (worn)
Jewellery
 e - a ring of magical power
 M - an amulet of the acrobat
Wands
 F - a wand of charming (11)
 O - a wand of mindburst (9)
Scrolls
 f - 4 scrolls of vulnerability {unknown}
 g - a scroll of immolation {unknown}
 j - 9 scrolls of identify {unknown}
 m - 3 scrolls of magic mapping {unknown}
 n - a scroll of amnesia {unknown}
 t - 3 scrolls of torment {unknown}
 u - 2 scrolls of poison {unknown}
 w - 5 scrolls of teleportation {unknown}
 y - a scroll of acquirement {unknown}
 D - 3 scrolls of blinking {unknown}
 G - 3 scrolls of fog {unknown}
 I - a scroll of fear {unknown}
 Q - a scroll of brand weapon {unknown}
Potions
 d - 2 potions of mutation {unknown}
 i - 4 potions of curing {unknown}
 k - 6 potions of lignification {unknown}
 o - 5 potions of might {unknown}
 p - a potion of degeneration {unknown}
 r - 2 potions of brilliance {unknown}
 s - a potion of magic {unknown}
 z - 6 potions of haste {unknown}
 C - 2 potions of berserk rage {unknown}
 H - 3 potions of resistance {unknown}
 K - 6 potions of flight
 L - 2 potions of heal wounds {unknown}
 N - 2 potions of ambrosia {unknown}


   Skills:
 - Level 7.2 Fighting
 - Level 8.2 Axes
 - Level 2.0 Throwing
 - Level 6.2 Armour
 - Level 1.0 Spellcasting
 - Level 3.0 Fire Magic
 + Level 5.1 Evocations


You had 10 spell levels left.
You didn't know any spells.
Your spell library contained the following spells:

 Spells                   Type           Power      Damage    Failure   Level
 Scorch                   Fire           18%        2d5       88%         2
 Ensorcelled Hibernation  Hex/Ice        0%         N/A       99%         2
 Dazzling Flash           Conj/Hex       0%         N/A       100%        3
 Spider Form              Tmut/Pois      0%         N/A       100%        3
 Vhi's Electric Charge    Tloc/Air       0%         N/A       100%        3
 Anguish                  Hex/Necr       0%         N/A       100%        4
 Agony                    Necr           0%         N/A       100%        5
 Arcjolt                  Conj/Air       0%         1d10      100%        5
 Silence                  Hex/Air        0%         N/A       100%        5
 Maxwell's Capacitive Co  Air            0%         ∞         100%        8


Dungeon Overview and Level Annotations

Branches:
Dungeon (7/15)             Temple (1/1) D:5           Sewer (visited)
Ossuary (visited)          Bailey (visited)

Altars:
Dithmenos
Gozag
Hepliaklqana
Kikubaaqudgha
Okawaru
Ru
Sif Muna
Uskayaw
Zin

Shops:
D:2 :


Innate Abilities, Weirdness & Mutations

You are immune to sickness and miasma.
Your stone body is resilient. (AC +6)
You are immune to poison.
You resist negative energy. (rN+)
You are resistant to electric shocks. (rElec)
You are resistant to unholy torment.
You are immune to petrification.


Message History

The large abomination is moderately damaged.
The large abomination hits you.
You barely miss the large abomination.
The large abomination is moderately damaged.
The large abomination hits you but does no damage.
You hit the large abomination.
The large abomination is heavily damaged.
The large abomination barely misses you.
You hit the large abomination but do no damage.
The large abomination is heavily damaged.
The large abomination hits you.
The large abomination is burned by your cloak of flames.
The large abomination is heavily damaged.
A small abomination comes into view.
You hit the large abomination.
The large abomination is heavily damaged.
The large abomination hits you!!
You hit the large abomination.
The large abomination is severely damaged.
You closely miss the small abomination.
The small abomination hits you but does no damage.
The large abomination hits you but does no damage.
The large abomination is burned by your cloak of flames.
The large abomination is severely damaged.
You hit the large abomination but do no damage.
The large abomination is severely damaged.
You barely miss the small abomination.
The small abomination hits you but does no damage.
The small abomination is burned by your cloak of flames.
The small abomination is lightly damaged.
The large abomination hits you!!
* * * LOW HITPOINT WARNING * * *
The large abomination is burned by your cloak of flames.
The large abomination is almost destroyed.
The small abomination hits you but does no damage.
You hit the large abomination.
The large abomination is almost destroyed.
You hit the small abomination but do no damage.
The small abomination hits you!
You die...

. # # . . .
.. . # ## #
#..†## .
.##.###
.#.#†.#X# .
.#...@# #
#....##x..#
# . ###>#.
###.# #. #.
. . #. # ##
# # .# .
..# #


You could see a large abomination and a small abomination.

Vanquished Creatures
  4 raiju (Abyss:1)
  A wyvern (D:7)
  A sky beast (D:6)
  An ice beast (D:7)
  2 orc warriors (Bailey)
  2 black bears
  An ogre (D:7)
  A centaur (D:5)
  2 kobold brigands (D:7)
  A gnoll sergeant (D:4)
  4 scorpions
  A gnoll bouda (D:4)
  3 hounds
  3 jellies
  4 orc priests
  Jessica (D:2)
  2 iguanas (D:6)
  An orc wizard (D:7)
  A hell rat (Sewer)
  3 mummies (Ossuary)
  13 adders
  20 gnolls
  4 river rats
  2 shadow imps (D:7)
  A white imp (D:6)
  2 ufetubi
  2 adder zombies (Ossuary)
  A worm (D:3)
  12 orcs
  4 bats
  9 endoplasms
  3 giant cockroaches
  14 goblins
  4 hobgoblins
  4 quokkas
  6 ball pythons
  3 frilled lizards
  2 goblin zombies (Ossuary)
  4 hobgoblin zombies (Ossuary)
  18 kobolds
  4 kobold zombies (Ossuary)
  5 quokka zombies
  11 rats
  3 rat zombies (Ossuary)
190 creatures vanquished.

Vanquished Creatures (others)
  A plant (D:3)
1 creature vanquished.

Grand Total: 191 creatures vanquished

Notes
Turn   | Place    | Note
-------+----------+-------------------------------------------
     0 | D:1      | jasper the Gargoyle Cinder Acolyte began the quest for the
                  | Orb.
     0 | D:1      | Reached XP level 1. HP: 14/14 MP: 2/2
   146 | D:1      | Reached skill level 3 in Axes
   146 | D:1      | Reached XP level 2. HP: 7/19 MP: 3/3
   418 | D:1      | Reached skill level 1 in Armour
   665 | D:2      | Found Ypidouca's Vocational Training.
   674 | D:2      | Reached XP level 3. HP: 19/23 MP: 4/4
   698 | D:2      | Found a shadowy altar of Dithmenos.
   820 | D:2      | Reached XP level 4. HP: 18/29 MP: 5/5
   848 | D:2      | Found a faded altar of an unknown god.
  1077 | D:2      | Noticed Jessica
  1088 | D:2      | Killed Jessica
  1291 | D:3      | Reached skill level 4 in Axes
  1356 | D:3      | Reached XP level 5. HP: 28/33 MP: 6/6
  2177 | D:4      | Reached XP level 6. HP: 16/39 MP: 7/7
  2313 | D:4      | Noticed a black bear
  2324 | D:4      | Killed a black bear
  2325 | D:4      | Reached skill level 5 in Axes
  2391 | D:4      | Reached skill level 5 in Fighting
  2395 | D:4      | Reached XP level 7. HP: 34/44 MP: 8/8
  2443 | D:4      | Found a glowing silver altar of Zin.
  2443 | D:4      | Noticed an angel
  2744 | D:4      | Found a shimmering blue altar of Sif Muna.
  3152 | D:5      | Entered Level 5 of the Dungeon
  3310 | D:5      | Found a glowing drain.
  3319 | Sewer    | Entered a sewer
  3552 | D:5      | Found a hazy altar of Hepliaklqana.
  3652 | D:5      | Reached skill level 6 in Axes
  3699 | D:5      | Found a staircase to the Ecumenical Temple.
  3910 | D:5      | Found a hide-covered altar of Uskayaw.
  3910 | D:5      | Found an ancient bone altar of Kikubaaqudgha.
  3911 | D:5      | Found an iron altar of Okawaru.
  4335 | Temple   | Entered the Ecumenical Temple
  4404 | D:6      | Reached XP level 8. HP: 50/51 MP: 9/9
  4698 | D:6      | Reached skill level 5 in Armour
  4926 | D:6      | Found a sand-covered staircase.
  4947 | Ossuary  | Entered an ossuary
  5391 | D:6      | Found an opulent altar of Gozag.
  5447 | D:6      | Reached skill level 7 in Axes
  5818 | D:7      | Noticed a wyvern
  5832 | D:7      | Killed a wyvern
  5833 | D:7      | Reached XP level 9. HP: 56/57 MP: 10/10
  5841 | D:7      | Reached skill level 8 in Axes
  5853 | D:7      | Identified the +3 double sword "Isul" {pain, Str+6 Int-5}
  5882 | D:7      | Found a flagged portal.
  6110 | Bailey   | Entered a bailey
  6258 | Bailey   | Reached skill level 1 in Throwing
  6258 | Bailey   | Reached skill level 1 in Evocations
  6478 | Abyss:1  | Cast into level 1 of the Abyss (orc warrior)
  6532 | Abyss:1  | Reached skill level 5 in Evocations
  6589 | Abyss:1  | Noticed a smoke demon
  6662 | Abyss:1  | Slain by a small abomination

Illustrated notes

Levels and vault maps discovered:
D:1:      psy_arrival_wood_between_worlds, layout_basic
D:2:      layout_basic, basic_altar, chequers_ecumenical_altar_island,
          solitary_fountain, nicolae_shop_vocational, uniq_jessica
D:3:      layout_loops_ring, minivault_11, serial_bayou_pond_c, corexii_shack,
          kennysheep_generic_room_15
D:4:      minmay_general_purpose_star, layout_loops_ring, zin_angel,
          nicolae_sif_muna_little_library
D:5:      layout_basic, mainiacjoe_overflow_brackets,
          gammafunk_temple_overflow_claw, minmay_temple_entry_tees,
          lightli_sewer_entry_pipes
D:6:      layout_loops_corners, grunt_gozag_breadcrumbs, enter_ossuary_4
D:7:      minmay_s_stair_smasher, layout_loops_ring, enter_bailey_5,
          serial_bayou_lagoon_a
Temple:   nicolae_temple_bog_church
Abyss:1:  base: D:6, base:
D:4
Bailey:   bailey_axe_4, bailey

Skill      XL: |  1  2  3  4  5  6  7  8  9 |
---------------+----------------------------+-----
Axes           | 3 4 5 6 7 8 |  8.2
Armour         | 1 2 3 4 6 |  6.2
Fighting       | 4 5 7 |  7.2
Throwing       | 2 |  2.0
Evocations     | 5 |  5.1
Spellcasting   | |  1.0
Fire Magic     | |  3.0

Action                     |  1- 3 |  4- 6 |  7- 9 || total
---------------------------+-------+-------+-------++-------
  Melee: Hand axe          |    62 |   179 |   217 ||   458
         Punch             |       |       |     7 ||     7
         War axe           |       |       |   194 ||   194
  Throw: Dart              |       |       |     8 ||     8
         Boomerang         |       |       |    28 ||    28
 Invoke: Fiery Armour      |     1 |     1 |     4 ||     6
 Armour: Ring mail         |     5 |       |       ||     5
         Chain mail        |    26 |   108 |   283 ||   417
         Plate armour      |       |       |    21 ||    21
  Dodge: Dodged            |    27 |    84 |   163 ||   274
